 Dungeon Crawl Stone Soup version 0.28.0-53-g5a82cb258f (webtiles) character file.

Game seed: 3816390958235245835

60 Nyth the Cudgeller (level 3, -2/33 HPs)
             Began as a Minotaur Berserker on Aug 9, 2022.
             Was a Follower of Trog.
             Slain by a gnoll shaman
             ... wielding a +0 club
              (11 damage)
             ... on level 3 of the Dungeon.
             The game lasted 00:03:18 (1737 turns).

Nyth the Cudgeller (Minotaur Berserker)             Turns: 1737, Time: 00:03:19

Health: -2/33      AC:  4    Str: 21    XL:     3   Next: 80%
Magic:  2/2        EV: 16    Int:  4    God:    Trog [*.....]
Gold:   103        SH:  0    Dex: 11    Spells: 2/2 levels left

rFire   . . .      SeeInvis .   c - +0 long sword
rCold   . . .      Faith    .   (no shield)
rNeg    . . .      Spirit   .   b - +0 animal skin
rPois   .          Reflect  .   (helmet restricted)
rElec   .          Harm     .   (no cloak)
rCorr   .          Rampage  .   f - +0 pair of gloves
Will    .....                   e - +0 pair of boots
Stlth   +.........              (no amulet)
HPRegen 0.11/turn               d - +4 ring of evasion
MPRegen 0.08/turn               (no ring)

@: on berserk cooldown, slowed, very slow
A: horns 2, retaliatory headbutt
a: Renounce Religion, Berserk


You were on level 3 of the Dungeon.
You worshipped Trog.
Trog was aware of your devotion.
You visited 1 branch of the dungeon, and saw 3 of its levels.

You collected 103 gold pieces.

Inventory:

Hand Weapons
 a - a +0 mace
 c - a +0 long sword (weapon)
Armour
 b - a +0 animal skin (worn)
 e - a +0 pair of boots (worn)
 f - a +0 pair of gloves (worn)
Jewellery
 d - a +4 ring of evasion (left hand)
Potions
 g - a potion of degeneration
 h - a potion of might {unknown}
 m - a potion of flight {unknown}


   Skills:
 + Level 4.3 Fighting
 + Level 1.0 Long Blades
 + Level 4.5 Maces & Flails
 + Level 2.6 Armour
 + Level 2.8 Dodging


You had 2 spell levels left.
You didn't know any spells.
Your spell library was empty.

Dungeon Overview and Level Annotations

Branches:
Dungeon (3/15)

Altars:


Innate Abilities, Weirdness & Mutations

You have a pair of horns on your head.
You reflexively headbutt those who attack you in melee.


Message History

The gnoll completely misses you.
The gnoll hits you from afar with a +0 spear.
The gnoll hits you with a +0 spear.
A red film seems to cover your vision as you go berserk!
You feel yourself moving faster!
You feel mighty!
The gnoll hits you from afar with a +0 spear.
The gnoll closely misses you.
You are too injured to fight recklessly!
You feel a strong urge to attack something.
The gnoll hits you from afar with a +0 spear.
You feel your anger nearly subside.
You are no longer berserk.
You are exhausted.
You feel yourself slow down. The gnoll completely misses you.
The gnoll shaman barely misses you. You furiously retaliate!
You headbutt the gnoll shaman, but do no damage.
You barely miss the gnoll shaman. You headbutt the gnoll shaman!
The gnoll shaman is moderately wounded.
The gnoll hits you with a +0 spear.
You hit the gnoll. You headbutt the gnoll.
The gnoll is severely wounded.
The gnoll barely misses you. The gnoll shaman misses you.
The gnoll barely misses you.
The gnoll shaman calls upon its god to heal the gnoll.
The gnoll is healed somewhat.
You slash the gnoll!
The gnoll is almost dead.
The gnoll barely misses you. You furiously retaliate!
You headbutt the gnoll!
You kill the gnoll!
Trog accepts your kill. The gnoll shaman completely misses you.
The gnoll shaman hits you with a +0 club.
* * * LOW HITPOINT WARNING * * *
The gnoll closely misses you. The gnoll misses you.
The gnoll shaman calls upon its god to speed up the gnoll.
The gnoll seems to speed up.
You open the door. The gnoll closely misses you.
The gnoll shaman hits you with a +0 club!
You die...

############.
............
........P.. #
......P.P. #.
......... ###..
#####........
......#.ggg......P.
#...'@g##.g.g.P..
#...#..#.......P.
..... #..#.........
.... #..#.........
... #..#.########
.. #..#. . #..#.
#..# +..#


You could see a gnoll shaman and 3 gnolls.

Vanquished Creatures
  A gnoll (D:3)
  3 dart slugs
  2 ball pythons (D:1)
  5 bats
  5 endoplasms
  2 hobgoblins (D:2)
  10 jackals
  4 kobolds
  2 quokkas (D:1)
  A frilled lizard (D:1)
  3 goblins
38 creatures vanquished.

Notes
Turn   | Place    | Note
-------+----------+-------------------------------------------
     0 | D:1      | Nyth the Minotaur Berserker began the quest for the Orb.
     0 | D:1      | Reached XP level 1. HP: 19/19 MP: 0/0
     6 | D:1      | Noticed a swamp drake
     6 | D:1      | Noticed an anaconda
     7 | D:1      | Noticed a black bear
   230 | D:1      | Reached XP level 2. HP: 27/27 MP: 1/1
   448 | D:1      | Reached XP level 3. HP: 30/33 MP: 2/2
  1347 | D:2      | Reached skill level 1 in Long Blades
  1737 | D:3      | Slain by a gnoll shaman

Illustrated notes

Levels and vault maps discovered:
D:1:      onia_arrival_zoo_common, layout_loops_ring, minivault_11
D:2:      layout_loops_ring, minmay_between
D:3:      layout_basic, biasface_ghost_orc_armoury,
          nicolae_ecumenical_oubliette, nicolae_grassy_gnolls

Skill      XL: |  1  2  3 |
---------------+----------+-----
Maces & Flails | 4 |  4.5
Fighting       | 4 |  4.3
Long Blades    | 1 |  1.0
Armour         | |  2.6
Dodging        | |  2.8

Action                   || total
-------------------------++-------
Melee: Long sword        ||    76
       Headbutt          ||    12
       Punch             ||     1
Invok: Berserk           ||     2
  Use: Scroll            ||     5
Armor: Animal skin       ||    18
Dodge: Dodged            ||    93
